 Dungeon Crawl Stone Soup version 0.23.1-37-gaa34b87b72 (webtiles) character file.

Game seed: 4535114744884341608

2865 GGGomer the Cleaver (level 9, -7/79 HPs)
             Began as a Minotaur Fighter on Mar 21, 2019.
             Mangled by an acid dragon (9 damage)
             ... on level 7 of the Dungeon.
             The game lasted 00:23:44 (6705 turns).

GGGomer the Cleaver (Minotaur Fighter)              Turns: 6705, Time: 00:23:45

Health: -7/79      AC:  1    Str: 25    XL:     9   Next: 47%
Magic:  8/8        EV: 10    Int:  5    God:
Gold:   357        SH:  0    Dex:  9    Spells: 8/8 levels left

rFire    . . .     SeeInvis .   D - +0 battleaxe
rCold    . . .     Gourm    .   (shield currently unavailable)
rNeg     . . .     Faith    .   h - +0 chain mail
rPois    .         Spirit   .   (helmet restricted)
rElec    .         Reflect  .   e - +0 cloak
rCorr    .         Harm     .   A - +0 pair of gloves
MR       .....                  (no boots)
Stlth    ..........             (no amulet)
HPRegen  0.23/turn              (no ring)
MPRegen  0.11/turn              (no ring)

@: about to teleport, corroded
A: retaliatory headbutt, horns 2
a: no special abilities


You were on level 7 of the Dungeon.
You were hungry.

You visited 1 branch of the dungeon, and saw 7 of its levels.

You collected 357 gold pieces.

Inventory:

Hand Weapons
 a - a +1 war axe
 C - a +0 hunting sling
 D - a +0 battleaxe (weapon)
 E - a +1 glaive of venom
Missiles
 l - 154 stones (quivered)
 n - 87 arrows
 o - 36 poisoned needles
 w - 40 bolts
 z - 5 tomahawks
 B - 81 sling bullets
Armour
 c - a +0 shield
 e - a +0 cloak (worn)
 h - a +0 chain mail (worn)
 A - a +0 pair of gloves (worn)
Jewellery
 b - an uncursed amulet of faith
 s - an uncursed amulet of harm
 u - an uncursed ring of poison resistance
Scrolls
 j - 3 scrolls of remove curse
 m - 2 scrolls of random uselessness {unknown}
 q - 3 scrolls of teleportation
 t - 2 scrolls of magic mapping
 x - 3 scrolls of amnesia
 y - 2 scrolls of enchant armour
 F - 2 scrolls of fear
 G - 2 scrolls of noise
 H - 2 scrolls of fog
Potions
 d - a potion of might
 g - 4 potions of mutation
 i - 5 potions of curing
 k - 2 potions of agility
 p - 2 potions of lignification
 r - a potion of brilliance
 v - a potion of cancellation
 I - a potion of haste {unknown}
Comestibles
 f - 8 rations


   Skills:
 + Level 7.5 Fighting
 - Level 9.1(9.6) Axes
 * Level 4.4(7.3) Polearms
 + Level 7.6 Armour
 + Level 5.3 Dodging
 - Level 0.2 Stealth
 - Level 5.8 Shields


You had 8 spell levels left.
You didn't know any spells.
Your spell library was empty.

Dungeon Overview and Level Annotations

Branches:
Dungeon (7/15)             Temple (0/1) D:7

Altars:
Cheibriados
Dithmenos
Elyvilon
Gozag
Qazlal

Shops:
D:6 %


Innate Abilities, Weirdness & Mutations

You reflexively headbutt those who attack you in melee.
You have a pair of horns on your head.


Message History

The acid dragon closely misses you.
You closely miss the acid dragon. The acid dragon spits acid at you.
The splash of acid hits you. The acid corrodes you!
You are splashed with acid!
You closely miss the acid dragon. The acid dragon spits acid at you.
The splash of acid hits you! The acid corrodes you!
You are splashed with acid!
As you read the scroll of teleportation, it crumbles to dust.
You feel strangely unstable. The acid dragon spits acid at you.
The splash of acid hits you.
* * * LOW HITPOINT WARNING * * *
The acid corrodes you!
You are splashed with acid!
* * * LOW HITPOINT WARNING * * *
You slash the acid dragon! You headbutt the acid dragon.
The acid dragon is heavily wounded.
The acid dragon misses you. The acid dragon claws you.
* * * LOW HITPOINT WARNING * * *
The acid dragon bites you!
You die...

##...#####...#...#...#...#.......
............#...#...#...#....#.#.
.###....##...................#.#.
..###.........#...#...#...#..# .
...##).......#...#...#...#...# .
#...........#[..#...#...#....# #
###......#...#...#...#...#...#
#...........#...#...#...#..#
#.............@............####
#.........#...#D..#...#........
#########..#...#...#...#...####
#...#...#...#...#..#
#..#...#...#...#...#
#.#...#...#...#....#
#..................#
####..............##
###########...##


You could see an acid dragon.

Vanquished Creatures
  Grinder (D:6)
  A hornet (D:7)
  A hippogriff (D:7)
  A phantom (D:6)
  A sky beast (D:5)
  3 ogres
  A big kobold (D:7)
  Blork the orc (D:6)
  2 bullfrogs
  A water moccasin zombie (D:6)
  3 scorpions
  3 crimson imps
  3 bullfrog zombies
  A jelly (D:5)
  9 orc wizards
  2 hounds (D:6)
  10 orc priests
  A bullfrog skeleton (D:4)
  4 worker ants
  A hound zombie (D:6)
  2 hound skeletons
  7 gnolls
  13 adders
  3 shadow imps
  6 worms
  2 adder skeletons
  2 adder zombies
  3 dart slugs
  4 leopard geckos
  28 orcs
  A ball python (D:7)
  6 giant cockroaches
  4 goblins (D:1)
  6 hobgoblins
  14 jackals
  5 quokkas
  6 bats
  7 frilled lizards
  2 jackal skeletons (D:4)
  14 kobolds
  A leopard gecko zombie (D:6)
  A quokka skeleton (D:4)
  8 rats
195 creatures vanquished.

Notes
Turn   | Place    | Note
-------+----------+-------------------------------------------
     0 | D:1      | GGGomer the Minotaur Fighter began the quest for the Orb.
     0 | D:1      | Reached XP level 1. HP: 19/19 MP: 0/0
    76 | D:1      | Reached XP level 2. HP: 24/27 MP: 1/1
   353 | D:1      | Reached XP level 3. HP: 33/33 MP: 2/2
   445 | D:1      | Reached skill level 3 in Axes
   925 | D:2      | Reached XP level 4. HP: 38/40 MP: 3/3
  1292 | D:2      | Found an opulent altar of Gozag.
  1349 | D:2      | Reached skill level 4 in Axes
  1589 | D:3      | Reached XP level 5. HP: 32/47 MP: 4/4
  1596 | D:3      | Reached skill level 5 in Shields
  1951 | D:3      | Reached XP level 6. HP: 38/53 MP: 5/5
  1957 | D:3      | Reached skill level 5 in Axes
  2435 | D:4      | Reached skill level 1 in Dodging
  3477 | D:5      | Entered Level 5 of the Dungeon
  3750 | D:5      | Reached skill level 6 in Axes
  3750 | D:5      | Reached skill level 5 in Armour
  3750 | D:5      | Reached XP level 7. HP: 34/60 MP: 6/6
  4048 | D:5      | Reached skill level 5 in Fighting
  4349 | D:5      | Reached skill level 7 in Axes
  4382 | D:5      | Found a shadowy altar of Dithmenos.
  4663 | D:6      | Reached XP level 8. HP: 69/69 MP: 7/7
  4701 | D:6      | Noticed Grinder
  4705 | D:6      | Paralysed by Grinder for 5 turns
  4747 | D:6      | Paralysed by Grinder for 3 turns
  5052 | D:6      | Paralysed by Grinder for 4 turns
  5064 | D:6      | Paralysed by Grinder for 4 turns
  5072 | D:6      | Killed Grinder
  5072 | D:6      | Reached skill level 8 in Axes
  5257 | D:6      | Found a white marble altar of Elyvilon.
  5258 | D:6      | Found Avuafo's Food Shop.
  5271 | D:6      | Noticed Blork the orc
  5277 | D:6      | Killed Blork the orc
  5375 | D:6      | Reached skill level 9 in Axes
  5500 | D:6      | Found a snail-covered altar of Cheibriados.
  5763 | D:7      | Found a staircase to the Ecumenical Temple.
  5772 | D:7      | Found a stormy altar of Qazlal.
  5834 | D:7      | Reached skill level 1 in Polearms
  5834 | D:7      | Reached XP level 9. HP: 75/78 MP: 8/8
  6263 | D:7      | Reached skill level 5 in Dodging
  6705 | D:7      | HP: 2/79 [acid dragon (4)]
  6705 | D:7      | Mangled by an acid dragon

Skill      XL: |  1  2  3  4  5  6  7  8  9 |
---------------+----------------------------+-----
Fighting       | 4 5 6 7 |  7.5
Shields        | 4 5 |  5.8
Axes           | 3 4 6 7 9 |  9.1
Armour         | 4 5 6 7 |  7.6
Dodging        | 1 2 4 5 |  5.3
Polearms       | 1 4 |  4.4
Stealth        | |  0.2

Action                   |  1- 3 |  4- 6 |  7- 9 || total
-------------------------+-------+-------+-------++-------
Melee: War axe           |    86 |   120 |       ||   206
       Headbutt          |     9 |    20 |    42 ||    71
       Battleaxe         |       |    22 |   226 ||   248
       Glaive            |       |       |    19 ||    19
  Use: Scroll            |     4 |       |    17 ||    21
       Potion            |       |       |     1 ||     1
  Eat: Chunk             |       |     4 |     4 ||     8
       Ration            |       |     2 |     1 ||     3
Armor: Scale mail        |     7 |       |       ||     7
       Chain mail        |    35 |    90 |   175 ||   300
       Skin              |     1 |       |       ||     1
Dodge: Dodged            |    26 |    34 |   168 ||   228
Block: Shield            |    59 |    68 |       ||   127
